 Dungeon Crawl Stone Soup version 0.17.0-15-g6d90897 (webtiles) character file.

24830559 mrpyro the Archmage (level 27, 201/201 HPs)
             Began as an Octopode Transmuter on Nov 11, 2015.
             Was the Champion of Cheibriados.
             Escaped with the Orb
             ... and 15 runes!
             The game lasted 04:22:42 (60498 turns).

mrpyro the Archmage (Octopode Transmuter)          Turns: 60498, Time: 04:22:42

Health: 201/201    AC:  7    Str: 21    XL:     27
Magic:  57/57      EV: 38    Int: 44    God:    Cheibriados [******]
Gold:   6718       SH:  0    Dex: 38    Spells: 11 memorised, 24 levels left

rFire  + + +     SeeInvis +       - Unarmed
rCold  + . .     Clarity  .     (no shield)
rNeg   + + +     SustAt   +     y - +2 hat {SInv}
rPois  +         Gourm    .     E - amulet of resist mutation
rElec  +         Spirit   .     s - ring "Rapi" {Slay+6 SInv}
rCorr  .         Warding  .     l - ring of sustain attributes
rMut   +         Stasis   .     P - +4 ring of protection
MR     +++..                    Y - ring "Bulezuan" {*Drain rPois rF+ rN+ Int+3}
Stlth  ++........               V - ring "Vinterinn" {rC+ rN+ Int-4 Dex+2 Slay+2}
                                r - ring of Aklohet {rF++ rN+ MP+9 Str-5 Int+4}
                                d - ring of Suadd {MR+ Int+4 Dex+2}
                                h - ring "Musico" {*Contam rElec rN+ Int+4 Stlth+}

@: deflect missiles, very slow, extremely resistant to hostile enchantments,
unstealthy
A: almost no armour, amphibious, 8 rings, constrict 8, camouflage 1, clumsy 1,
low mp 1, wild magic 1, gelatinous body 1
a: Bend Time, Temporal Distortion, Slouch, Step From Time, Renounce Religion
0: Orb of Zot
}: 15/15 runes: decaying, slimy, silver, golden, iron, obsidian, icy, bone,
abyssal, demonic, glowing, magical, fiery, dark, gossamer


You escaped.
You worshipped Cheibriados.
Cheibriados was exalted by your worship.
You were not hungry.

You visited 18 branches of the dungeon, and saw 93 of its levels.
You visited Pandemonium 1 time, and saw 28 of its levels.
You visited the Abyss 2 times.
You also visited: Ice Cave.

You collected 8780 gold pieces.
You spent 2062 gold pieces at shops.

Inventory:

Missiles
 p - 2 throwing nets (quivered)
Armour
 y - a +2 hat of see invisible (worn)
Magical Staves
 S - an uncursed staff of energy
Jewellery
 d - the ring of Suadd (on tentacle) {MR+ Int+4 Dex+2}
   (You found it in Pandemonium)

   [ring of protection from magic]

   It affects your intelligence (+4).
   It affects your dexterity (+2).
   It affects your resistance to hostile enchantments.
 h - the ring "Musico" (on tentacle) {*Contam rElec rN+ Int+4 Stlth+}
   (You found it on level 3 of the Crypt)

   [ring of positive energy]

   It affects your intelligence (+4).
   It insulates you from electricity.
   It protects you from negative energy.
   It causes magical contamination when unequipped.
   It makes you more stealthy.
 l - a ring of sustain attributes (right tentacle)
 r - the ring of Aklohet (on tentacle) {rF++ rN+ MP+9 Str-5 Int+4}
   (You took it off a skeletal warrior on level 3 of the Crypt)

   [ring of positive energy]

   It affects your strength (-5).
   It affects your intelligence (+4).
   It greatly protects you from fire.
   It protects you from negative energy.
   It affects your magic capacity (+9).
 s - the ring "Rapi" (left tentacle) {Slay+6 SInv}
   (You found it on level 6 of the Pits of Slime)

   [ring of slaying]

   It affects your accuracy and damage with ranged weapons and melee attacks
   (+6).
   It lets you see invisible.
 z - the amulet of Harur {Ward rC+ rN+ Slay+2 Stlth+}
   (You took it off a vampire mage on level 3 of the Crypt)

   [amulet of warding]

   It may prevent the melee attacks of summoned creatures.
   It affects your accuracy and damage with ranged weapons and melee attacks
   (+2).
   It protects you from cold.
   It protects you from negative energy.
   It makes you more stealthy.
 E - an amulet of resist mutation (around mantle)
 I - an uncursed ring of protection from magic
 K - the ring "Kerhays" {rC+ Int+4}
   (You found it on level 5 of the Lair of Beasts)

   [ring of protection from cold]

   It affects your intelligence (+4).
   It protects you from cold.
 P - a +4 ring of protection (on tentacle)
 V - the ring "Vinterinn" (on tentacle) {rC+ rN+ Int-4 Dex+2 Slay+2}
   (You found it in Pandemonium)

   [ring of positive energy]

   It affects your intelligence (-4).
   It affects your dexterity (+2).
   It affects your accuracy and damage with ranged weapons and melee attacks
   (+2).
   It protects you from cold.
   It protects you from negative energy.
 Y - the ring "Bulezuan" (on tentacle) {*Drain rPois rF+ rN+ Int+3}
   (You took it off a deep elf high priest on level 3 of the Elven Halls)

   [ring of poison resistance]

   It affects your intelligence (+3).
   It protects you from fire.
   It protects you from poison.
   It protects you from negative energy.
   It causes draining when unequipped.
Wands
 u - a wand of heal wounds (3)
 H - a wand of disintegration (4)
 L - a wand of teleportation (2)
 Q - a wand of digging (0)
Scrolls
 e - 16 scrolls of recharging
 k - 5 scrolls of teleportation
 m - 5 scrolls of identify
 n - 24 scrolls of remove curse
 o - 3 scrolls of fog
 A - 4 scrolls of fear
 C - 3 scrolls of blinking
 O - 3 scrolls of holy word
 T - a scroll of summoning
Potions
 b - 7 potions of invisibility
 f - 9 potions of brilliance
 q - a potion of magic
 x - 2 potions of resistance
 D - a potion of heal wounds
 N - 2 potions of cure mutation
 U - 2 potions of agility
 W - 4 potions of flight
 Z - 12 potions of curing
Books
 F - an Akashic Record

   Spells                             Type                      Level
   a - Dispersal                      Translocation                6
   b - Malign Gateway                 Summoning/Translocation      7
   c - Disjunction                    Translocation                8
   d - Controlled Blink               Translocation                8
Miscellaneous
 i - the horn of Geryon
 t - a phial of floods
 w - a lamp of fire
 J - a fan of gales
 M - 4 phantom mirrors
Comestibles
 c - 17 bread rations
 g - 41 fruits
 v - 29 meat rations


   Skills:
 - Level 20.1 Fighting
 - Level 20.1 Dodging
 + Level 25.1 Unarmed Combat
 O Level 27 Spellcasting
 - Level 11.4 Conjurations
 - Level 13.7 Charms
 - Level 22.7 Translocations
 - Level 15.0 Transmutations
 - Level 11.0 Ice Magic
 - Level 7.1 Air Magic
 - Level 10.0 Earth Magic
   Level 2.0 Poison Magic
 - Level 16.8 Invocations
 - Level 11.0 Evocations


You had 24 spell levels left.
You knew the following spells:

 Your Spells              Type           Power        Failure   Level  Hunger
a - Condensation Shield   Ice            ########..   1%          4    None
b - Bolt of Cold          Conj/Ice       ########..   2%          6    None
c - Phase Shift           Tloc           #########.   1%          5    None
d - Statue Form           Trmt/Erth      ########.    1%          6    None
e - Stoneskin             Trmt/Erth      ########     1%          2    None
f - Ozocubu's Armour      Chrm/Ice       ########     1%          3    None
p - Deflect Missiles      Chrm/Air       ########..   2%          6    None
q - Hydra Form            Trmt           ########..   1%          6    None
r - Regeneration          Chrm/Necr      ########..   1%          3    None
s - Controlled Blink      Tloc           N/A          1%          8    None
x - Dragon Form           Trmt           ########..   2%          7    None


Dungeon Overview and Level Annotations

Branches:
Dungeon (15/15)            Temple (1/1) D:6            Lair (8/8) D:9
  Swamp (4/4) Lair:3       Spider (4/4) Lair:6        Slime (6/6) Lair:7
    Orc (4/4) D:10            Elf (3/3) Orc:4        Vaults (5/5) D:13
  Crypt (3/3) Vaults:3       Tomb (3/3) Crypt:3      Depths (5/5) D:15
   Hell (1/1)                 Dis (7/7) Hell            Geh (7/7) Hell
    Coc (7/7) Hell            Tar (7/7) Hell            Zot (5/5) Depths:5

Altars:
Ashenzari
Cheibriados
Dithmenos
Elyvilon
Fedhas
Gozag
Kikubaaqudgha
Makhleb
Nemelex Xobeh
Okawaru
Qazlal
Ru
Sif Muna
Trog
Vehumet
Xom
Yredelemnul
Zin
The Shining One
Beogh

Shops:
D:7 (   D:9 (   D:10 [   D:13 :   Orc:4 }}(:   Elf:1 [   Vaults:3 *
Vaults:5 (   Depths:4 }

Portals:
Hell: Depths:1 Depths:5
Pandemonium: Depths:1

Annotations:
Elf:2 5 runed doors


Innate Abilities, Weirdness & Mutations

You cannot wear most types of armour.
You are amphibious.
You can wear up to eight rings at the same time.
You can use your tentacles to constrict eight enemies at once.
Your skin changes colour to match your surroundings (Stealth).
Your rubbery body absorbs attacks (AC +1).
You are clumsy. (Dex -2)
Your magical capacity is low (-10% MP).
Your spells are a little harder to cast, but a little more powerful.


Message History

There is a stone staircase leading up here.
You climb upwards.
There is a stone staircase leading down here.
Evoke which item? (* to show all) (? for menu, Esc to quit)
You have no means to grasp a wand firmly enough.
Unknown command.
Your transformation has ended.
Your +2 hat of see invisible unmelds from your body.
You feel perceptive.
Evoke which item? (* to show all) (? for menu, Esc to quit)
Zapping:
Q - a wand of digging (1)
Press: ? - help, Shift-Dir - straight line, f - you The rock shatters into small pieces.
This wand has 0 charges left.
Evoke which item? (* to show all) (? for menu, Esc to quit)
Zapping:
H - a wand of disintegration (5)
Press: ? - help, Shift-Dir - straight line, f - you The rock wall explodes into countless fragments.
This wand has 4 charges left.
There is a staircase leading out of the dungeon here.
You have escaped!

##.# ##.#.# ##.##
##### ##.##.# ....#
#...# ##.###.# ....#
#.8.# ##.## #.# ....#
#...# ##.## #.# ....#
###'### ##.## #.#
....#####.....####.##
#.#
...##...#.....#...##
#.#
...##.8.'..⌠..'.@.#
#.#
...##...#.....#...#
#.#####
...######.....#####
#.....# ##.# ###'###
#####.# #.# #.#
####.# #.# #.# #...†#
##'### ##.# #.#####
.....#####..# #.#.†..
.....).....## #.#....


There were no monsters in sight!

Vanquished Creatures
  Cerebov (Pan)
  Antaeus (Coc:7)
  Asmodeus (Geh:7)
  the royal jelly (Slime:6)
  Ereshkigal (Tar:7)
  Gloorx Vloq (Pan)
  the Serpent of Hell (Dis:7)
  Mnoleg (Pan)
  Lom Lobon (Pan)
  Dispater (Dis:7)
  Khufu (Tomb:3)
  2 orbs of fire (Zot:5)
  6 ancient liches
  Mara (Elf:3)
  Mennas (Pan)
  34 greater mummies
  10 shard shrikes
  Margery (Vaults:4)
  Saint Roka (Vaults:4)
  3 Killer Klowns
  Geryon (Hell)
  6 golden dragons
  14 pandemonium lords (Pan)
  Arachne (Spider:4)
  6 bone dragons
  25 Brimstone Fiends
  2 electric golems (Zot:5)
  2 hellephants (Abyss:4)
  8 tentacled monstrosities
  Rupert (Orc:4)
  12 Hell Sentinels
  24 Orb Guardians
  16 Ice Fiends
  11 liches
  6 titans (Vaults:5)
  2 deep elf blademasters (Elf:3)
  18 Executioners (Pan)
  2 deep elf master archers (Elf:3)
  14 Shadow Fiends
  21 acid blobs
  13 sphinxes
  Murray (Hell)
  3 quicksilver dragons (Vaults:5)
  5 eldritch tentacles
  The ghost of Celerity the Impaler, an adept MfNe of Dithmenos (Swamp:4)
  A tentacled starspawn (Abyss:1)
  A thorn hunter (Swamp:4)
  A death cob (Zot:5)
  9 shadow dragons
  4 tengu reavers
  3 ancient champions
  7 blood saints (Pan)
  8 azure jellies
  4 storm dragons
  Wiglaf (Crypt:3)
  3 revenants
  Donald (Vaults:1)
  7 fire giants
  32 balrugs
  9 iron dragons
  Maud (Orc:4)
  A draconian knight (Zot:3)
  15 vault wardens
  11 deep elf sorcerers
  2 ghost moths (Spider:4)
  4 frost giants
  A ghost moth (shapeshifter) (Elf:1)
  Louise (Elf:3)
  A draconian zealot (Zot:3)
  3 draconian scorchers (Zot:3)
  26 cacodemons
  2 orc warlords (Vaults:5)
  4 curse skulls
  A juggernaut zombie (Hell)
  5 emperor scorpions (Spider:4)
  3 warmongers (Pan)
  46 reapers
  14 stone giants
  An angel (Pan)
  16 ironheart preservers
  9 very ugly things
  2 draconian annihilators
  A green draconian (Zot:3)
  6 salamander firebrands
  8 war gargoyles
  8 deep elf demonologists
  2 elemental wellsprings (Coc:7)
  8 corrupters (Pan)
  8 chaos champions (Pan)
  5 vampire knights
  6 bennus
  A mottled draconian (Depths:5)
  A salamander stormcaller (Vaults:2)
  14 yellow draconians
  Azrael (Orc:4)
  A purple draconian (Zot:5)
  2 white draconians
  A black draconian (Zot:5)
  7 black suns (Pan)
  12 deep elf annihilators
  A spectral titan (Tar:3)
  19 green deaths
  8 lorocyprocas (Pan)
  6 dire elephants
  6 ettins
  Snorg (Orc:2)
  5 eidola
  25 blizzard demons
  4 death oozes (Slime:6)
  10 crystal guardians
  8 great orbs of eyes
  30 vault guards
  11 deep elf death magi
  7 jiangshi
  32 mummy priests
  7 fire dragons
  4 quicksilver dragon zombies
  A kraken zombie (Coc:2)
  16 yaktaur captains
  7 deep elf high priests
  9 centaur warriors
  19 ice dragons
  2 spriggan air magi
  A catoblepas (Lair:8)
  2 entropy weavers
  4 hell beasts
  2 quicksilver dragon skeletons
  19 monstrous demonspawn (Pan)
  A ghost crab (Swamp:3)
  23 hydras
  5 rakshasas
  6 vampire magi
  3 dancing weapons
  8 ogre magi
  3 tengu warriors
  14 death yaks
  4 alligators
  3 deep troll earth magi
  12 deep troll shamans
  A spriggan berserker (Depths:5)
  8 titan zombies
  4 thrashing horrors
  3 orc high priests (Orc:4)
  17 deep elf knights
  2 storm dragon zombies
  An iron golem (Dis:7)
  2 spriggans (Swamp:2)
  49 sun demons
  19 hell knights
  16 hell hogs
  125 skeletal warriors
  47 soul eaters
  5 titan skeletons
  3 wretched stars
  7 iron trolls (Dis:7)
  3 unseen horrors
  A salamander mystic (Geh:7)
  A spatial maelstrom (Abyss:3)
  4 golden dragon zombies
  15 death scarabs
  10 putrid demonspawn (Pan)
  5 shadow wraiths
  5 giant orange brains
  5 storm dragon skeletons
  4 ghost moth zombies
  56 ice devils
  5 wizards
  6 anaconda zombies
  25 deep trolls
  A kraken simulacrum (Coc:1)
  3 spriggan druids (Swamp:4)
  11 deep elf summoners
  4 shadow dragon zombies
  7 flayed ghosts
  6 gelid demonspawn (Pan)
  10 torturous demonspawn (Pan)
  A golden dragon skeleton (Crypt:3)
  9 swamp dragons
  Pikel (D:3)
  4 anaconda skeletons
  2 shambling mangroves (Swamp:4)
  7 harpies
  16 ironbrand convokers
  8 necromancers
  A lindwurm (Lair:8)
  5 infernal demonspawn (Pan)
  17 phantasmal warriors
  7 hill giants
  24 anubis guards
  3 tengu zombies
  22 shadow demons
  7 orb spiders
  2 iron dragon zombies
  4 wolf spider zombies
  15 deep elf conjurers
  An oklob plant (Zot:3)
  19 orc knights
  9 hornets
  3 frost giant zombies
  22 wolf spiders
  3 salamanders (Geh:7)
  4 fire giant zombies
  6 orc sorcerers
  22 sixfirhies
  21 ugly things
  4 manticores
  3 cyclopes
  5 stone giant zombies
  3 shining eyes
  3 shadow dragon skeletons
  A manticore (shapeshifter) (Vaults:1)
  7 moths of wrath
  A black mamba (shapeshifter) (Vaults:5)
  7 griffons
  A moth of wrath (shapeshifter) (Vaults:5)
  8 black mambas
  28 rust devils
  5 fire giant skeletons
  61 smoke demons
  4 iron dragon skeletons
  An elephant (shapeshifter) (Vaults:1)
  4 stone giant skeletons
  11 vault sentinels
  2 shock serpent zombies
  4 dire elephant zombies
  21 elephants
  7 ice statues
  3 frost giant skeletons
  6 gargoyles
  A kobold demonologist (D:11)
  6 molten gargoyles (Geh:7)
  3 torpor snails
  3 eyes of devastation
  7 dire elephant skeletons
  27 demonic crawlers
  A komodo dragon (shapeshifter) (Vaults:1)
  34 large abominations
  4 catoblepas zombies
  3 emperor scorpion zombies
  A purple draconian zombie (Coc:7)
  9 centaur skeletons
  18 spiny frogs
  42 yaktaurs
  32 orange demons
  2 spriggan zombies
  2 shock serpent skeletons
  A death yak zombie (Crypt:1)
  A fire drake (Lair:5)
  16 hellwings (Pan)
  A green draconian skeleton (Crypt:1)
  9 komodo dragons
  33 hellions
  30 tormentors
  12 hydra zombies
  51 guardian mummies
  7 deep elf priests
  A silent spectre (Tar:4)
  A ghost moth simulacrum (Crypt:1)
  12 trolls
  39 red devils
  A shadow dragon simulacrum (Coc:7)
  3 efreet
  An entropy weaver zombie (Hell)
  2 wolf spider simulacra
  12 two-headed ogres
  23 jumping spiders
  30 freezing wraiths
  A harpy zombie (Dis:7)
  9 polar bears
  A minotaur skeleton (Coc:7)
  A tarantella zombie (Crypt:2)
  A harpy skeleton (Dis:1)
  7 alligator zombies
  3 giant leeches
  An iron dragon simulacrum (Crypt:1)
  A two-headed ogre (shapeshifter) (Vaults:3)
  2 wind drakes (shapeshifter)
  33 blue devils
  12 bog bodies
  27 blink frogs
  2 raiju (Abyss:4)
  57 slime creatures
  A fire dragon zombie (Coc:7)
  17 ushabtiu
  9 hydra skeletons
  8 ice dragon zombies
  7 boulder beetles
  92 flying skulls
  2 ettin zombies
  A black mamba zombie (Tar:1)
  The ghost of buddha the Magician, an amateur OpWz of Vehumet (D:4)
  2 trapdoor spiders (shapeshifter)
  26 shadows
  2 air elementals (Depths:2)
  4 fire dragon skeletons
  22 ynoxinuls
  24 deep elf magi
  2 ice dragon skeletons
  16 trapdoor spiders
  14 water elementals
  5 vampires
  An alligator skeleton (Coc:7)
  A steam dragon (D:14)
  14 fire elementals
  20 tarantellas
  23 wraiths
  43 redbacks
  2 fire bats (Lair:7)
  5 basilisks
  6 ettin skeletons
  2 wyverns
  A salamander simulacrum (Vaults:2)
  2 spriggans (shapeshifter)
  8 golden eyes
  8 hippogriffs
  4 mottled dragons
  A black mamba skeleton (Coc:7)
  19 chaos spawn
  10 hungry ghosts
  18 wolves
  40 yaks
  Menkaure (D:7)
  8 spatial vortices
  A soldier ant (shapeshifter) (Depths:1)
  16 swamp worms
  26 deep elf fighters
  9 insubstantial wisps
  4 vampire mosquitoes
  6 wargs
  2 deep troll zombies
  37 neqoxecs
  7 spiny frog zombies
  65 hell hounds
  21 water moccasins
  A slave (D:4)
  A sky beast (shapeshifter) (Vaults:5)
  A merfolk skeleton (Geh:3)
  12 porcupines
  4 wasps
  18 ice beasts
  4 sky beasts
  3 snapping turtle zombies
  4 spiny frog skeletons
  4 black bears
  19 spiders
  2 swamp dragon zombies
  2 eyes of draining
  10 phantoms
  An alligator simulacrum (Coc:7)
  39 orc warriors
  3 elf zombies
  13 necrophages
  5 snapping turtle skeletons
  11 swamp drakes
  17 centaurs
  A fire dragon simulacrum (Crypt:1)
  22 ogres
  6 human skeletons
  15 crocodiles
  A swamp dragon skeleton (Tomb:1)
  5 boggarts
  An ettin simulacrum (Coc:2)
  2 manticore skeletons
  2 big kobolds
  27 giant frogs
  A fire drake skeleton (Crypt:2)
  A vine stalker zombie (Crypt:2)
  3 brain worms (Abyss:3)
  A gnoll sergeant (D:5)
  2 spiny frog simulacra
  2 elf skeletons
  2 scorpions
  9 electric eels
  38 wights
  2 spriggan skeletons (D:11)
  A troll skeleton (D:11)
  10 crimson imps
  3 hounds
  6 centaur zombies
  3 giant frog zombies
  A human zombie (Crypt:1)
  2 quasits
  9 giant frog skeletons
  23 orc priests
  2 black bear zombies (Crypt:2)
  26 jellies
  10 iron imps
  36 orc wizards
  2 small abominations (Abyss:3)
  12 worker ants
  15 iguanas
  10 hell rats
  A naga zombie (Dis:7)
  35 sheep
  An ogre skeleton (Geh:7)
  2 hound zombies
  A mottled dragon skeleton (Crypt:1)
  52 mummies
  2 worker ant zombies
  Robin (D:4)
  10 adders
  A river rat (shapeshifter) (Vaults:2)
  7 gnolls
  109 river rats
  9 shadow imps
  38 white imps
  4 ufetubi (IceCv)
  A giant eyeball (Pan)
  2 oozes
  An adder skeleton (D:4)
  An adder zombie (D:7)
  2 worms (D:2)
  6 giant geckos
  183 orcs
  12 bats
  6 giant cockroaches
  8 hobgoblins
  7 kobolds
  10 quokkas
  5 ball pythons
  A giant gecko skeleton (D:4)
  6 giant newts
  A giant newt skeleton (Crypt:2)
  10 goblins
  15 jackals
  A kobold skeleton (Geh:7)
  A quokka skeleton (D:5)
  A quokka zombie (D:8)
  9 rats
  4 briar patches (Swamp:4)
  A fire vortex (Geh:1)
  A fungus (D:9)
  3 lost souls
  3 tentacles (Coc:2)
4333 creatures vanquished.

Vanquished Creatures (collateral kills)
  A spider (Lair:6)
1 creature vanquished.

Vanquished Creatures (others)
  An eldritch tentacle (Pan)
  A warmonger (Pan)
  A vault warden (Vaults:5)
  A stone giant (Vaults:5)
  A war gargoyle (Vaults:5)
  2 blizzard demons (Pan)
  A quicksilver dragon zombie (Geh:7)
  A centaur warrior (Depths:2)
  A soul eater (Pan)
  An ice devil (Pan)
  A titan skeleton (Tomb:2)
  4 death scarabs (Tomb:2)
  A wizard (D:13)
  7 ball lightnings (Pan)
  A skeletal warrior (Tomb:2)
  A shadow demon (Pan)
  2 putrid demonspawn (Pan)
  A stone giant zombie (Geh:7)
  A smoke demon (Pan)
  A hydra zombie (Tomb:2)
  A slime creature (Slime:1)
  An ushabti (Tomb:2)
  A ynoxinul (Pan)
  4 flying skulls (Tomb:3)
  A water elemental (Coc:7)
  A spiny frog zombie (Geh:7)
  An ogre (Vaults:5)
  An iron imp (Dis:7)
  A jelly (Zot:3)
  3 mummies (Tomb:2)
  An adder (D:4)
  3 ufetubi (IceCv)
  3 goblins (D:4)
  2 hobgoblins (D:4)
  A giant newt (D:4)
  2 briar patches (Swamp:4)
  198 eldritch tentacle segments
  A fire vortex (Lair:7)
  A fulminant prism (Pan)
  62 fungi
  5 lost souls
  A lurking horror (Abyss:3)
  25 plants
  7 tentacles
  289 tentacle segments
  10 toadstools (Lair:7)
657 creatures vanquished.

Grand Total: 4991 creatures vanquished

Notes
Turn   | Place    | Note
--------------------------------------------------------------
     0 | D:1      | mrpyro the Octopode Transmuter began the quest for the Orb.
     0 | D:1      | Reached XP level 1. HP: 13/13 MP: 3/3
   237 | D:1      | Reached XP level 2. HP: 4/18 MP: 5/5
   878 | D:1      | Reached XP level 3. HP: 19/23 MP: 6/6
   912 | D:1      | Reached skill level 4 in Unarmed Combat
  1373 | D:2      | Found a burning altar of Makhleb.
  1375 | D:2      | Found a glowing silver altar of Zin.
  1375 | D:2      | Noticed a blizzard demon
  1375 | D:2      | Noticed an angel
  1452 | D:2      | Learned a level 3 spell: Spider Form
  1594 | D:2      | Reached skill level 1 in Poison Magic
  1969 | D:3      | Found a stormy altar of Qazlal.
  2028 | D:3      | Reached XP level 4. HP: 19/28 MP: 7/7
  2275 | D:3      | Reached skill level 5 in Unarmed Combat
  2275 | D:3      | Reached XP level 5. HP: 10/33 MP: 4/8
  2617 | D:3      | Found an opulent altar of Gozag.
  2617 | D:3      | Found a glowing golden altar of the Shining One.
  3011 | D:4      | Noticed a phantom
  3029 | D:4      | Killed a phantom
  3029 | D:4      | Reached skill level 6 in Unarmed Combat
  3029 | D:4      | Reached XP level 6. HP: 31/38 MP: 6/9
  3038 | D:4      | Found a basalt altar of Yredelemnul.
  3153 | D:4      | Noticed buddha's ghost (amateur OpWz)
  3332 | D:4      | Reached skill level 7 in Unarmed Combat
  3467 | D:4      | Noticed a slave
  3467 | D:4      | Noticed a slave
  3478 | D:4      | Killed a slave
  3486 | D:4      | Noticed Pikel
  3514 | D:3      | Killed Pikel
  3514 | D:3      | Reached skill level 9 in Unarmed Combat
  3514 | D:3      | Reached XP level 7. HP: 10/43 MP: 1/10
  3514 | D:3      | Reached XP level 8. HP: 11/48 MP: 1/11
  3756 | D:4      | Noticed a freed slave
  3757 | D:4      | Noticed a freed slave
  3759 | D:4      | Noticed Robin
  3776 | D:4      | Killed Robin
  3830 | D:4      | Found a radiant altar of Vehumet.
  4151 | D:4      | Killed buddha's ghost
  4264 | D:5      | Entered Level 5 of the Dungeon
  4352 | D:5      | Reached skill level 10 in Unarmed Combat
  4486 | D:5      | Found a shimmering altar of Xom.
  5111 | D:5      | Found a shimmering altar of Xom.
  5180 | D:5      | Found a shattered altar of Ashenzari.
  5288 | D:5      | Reached skill level 11 in Unarmed Combat
  5297 | D:5      | Reached XP level 9. HP: 53/53 MP: 7/12
  5361 | D:6      | Found a sacrificial altar of Ru.
  5588 | D:6      | Found an ancient bone altar of Kikubaaqudgha.
  5641 | D:6      | Found a shadowy altar of Dithmenos.
  5718 | D:6      | Found a deep blue altar of Sif Muna.
  5950 | D:6      | Found a staircase to the Ecumenical Temple.
  5956 | Temple   | Entered the Ecumenical Temple
  6298 | D:7      | Found Olihebue's Weapon Shoppe.
  6304 | D:7      | Reached skill level 12 in Unarmed Combat
  6489 | D:7      | Noticed Menkaure
  6496 | D:7      | Killed Menkaure
  6634 | D:7      | Found a snail-covered altar of Cheibriados.
  6662 | D:7      | Became a worshipper of Cheibriados the Contemplative
  7196 | D:7      | Reached skill level 13 in Unarmed Combat
  7507 | D:8      | Reached XP level 10. HP: 31/58 MP: 10/13
  7516 | D:8      | Reached * piety under Cheibriados
  7879 | D:8      | Gained mutation: You can spit weak poison. [potion of beneficial mutation]
  8494 | D:9      | Reached ** piety under Cheibriados
  8495 | D:9      | Found a staircase to the Lair.
  8531 | D:9      | Learned a level 4 spell: Ice Form
  8537 | D:9      | Learned a level 5 spell: Blade Hands
  8660 | D:9      | Got a sparkling silver amulet
  8661 | D:9      | Identified the amulet "Kutir" {+Rage rElec Str-3 Int+2} (You found it on level 9 of the Dungeon)
  9031 | D:9      | Found Farul's Weapon Boutique.
  9313 | D:9      | Reached *** piety under Cheibriados
  9557 | D:10     | Entered Level 10 of the Dungeon
  9673 | D:10     | Reached skill level 5 in Dodging
  9758 | D:10     | Reached skill level 5 in Fighting
 10013 | D:10     | Reached skill level 1 in Ice Magic
 10057 | D:10     | Found Miorar's Antique Armour Boutique.
 10145 | D:10     | Noticed an unseen horror
 10150 | D:10     | Killed an unseen horror
 10150 | D:10     | Reached XP level 11. HP: 66/71 MP: 10/14
 10240 | D:10     | Found a staircase to the Orcish Mines.
 10385 | Lair:1   | Entered Level 1 of the Lair of Beasts
 10428 | Lair:1   | Reached skill level 5 in Ice Magic
 10610 | Lair:1   | Reached **** piety under Cheibriados
 10663 | Lair:1   | Got a crude copper ring
 10664 | Lair:1   | Identified the ring "Bykea" {Ice Dex+5} (You found it on level 1 of the Lair of Beasts)
 10799 | Lair:1   | Reached ***** piety under Cheibriados
 11298 | Lair:2   | Reached skill level 5 in Transmutations
 12478 | Lair:3   | Found a staircase to the Swamp.
 12526 | Lair:3   | Reached XP level 12. HP: 77/77 MP: 15/15
 12550 | Lair:3   | Noticed a seven-headed hydra
 12558 | Lair:3   | Killed a seven-headed hydra
 12873 | Lair:3   | Noticed a five-headed hydra
 12881 | Lair:3   | Killed a five-headed hydra
 12928 | Lair:3   | Noticed a six-headed hydra
 13107 | Lair:3   | Reached ****** piety under Cheibriados
 13330 | Lair:3   | Killed a six-headed hydra
 13330 | Lair:3   | Reached skill level 5 in Invocations
 14756 | Lair:5   | Noticed a death yak
 14757 | Lair:5   | Noticed a death yak
 14765 | Lair:5   | Killed a death yak
 14771 | Lair:5   | Killed a death yak
 14780 | Lair:5   | Noticed a death yak
 14785 | Lair:5   | Killed a death yak
 14879 | Lair:5   | Reached skill level 10 in Invocations
 14929 | Lair:5   | Reached XP level 13. HP: 79/81 MP: 14/20
 14936 | Lair:5   | Reached skill level 14 in Unarmed Combat
 14957 | Lair:5   | Got a scorched silver ring
 14964 | Lair:5   | Identified the ring "Kerhays" {rC+ Int+4} (You found it on level 5 of the Lair of Beasts)
 16100 | Lair:6   | Found a hole to the Spider Nest.
 16702 | Lair:7   | Noticed a dire elephant
 16702 | Lair:7   | Noticed a dire elephant
 17171 | Lair:7   | Reached XP level 14. HP: 81/95 MP: 14/21
 17947 | Lair:7   | Found a staircase to the Slime Pits.
 17991 | Lair:7   | Reached skill level 10 in Dodging
 18323 | Lair:7   | Killed a dire elephant
 18428 | Lair:7   | Killed a dire elephant
 18428 | Lair:7   | Reached skill level 10 in Fighting
 18595 | Lair:8   | Entered Level 8 of the Lair of Beasts
 18823 | Lair:8   | Reached skill level 15 in Unarmed Combat
 18861 | Lair:8   | Learned a level 6 spell: Hydra Form
 19098 | Lair:8   | Gained mutation: Your system is resistant to poisons. [potion of beneficial mutation]
 19099 | Lair:8   | Gained mutation: Your flesh is cold resistant. [potion of beneficial mutation]
 19100 | Lair:8   | Gained mutation: You are partially covered in large bone plates (AC +2, SH +2). [potion of beneficial mutation]
 19101 | Lair:8   | Gained mutation: Your flesh is heat resistant. [potion of beneficial mutation]
 19102 | Lair:8   | Gained mutation: Your muscles are strong. (Str +2) [potion of beneficial mutation]
 19160 | Lair:8   | Reached skill level 10 in Transmutations
 19197 | Lair:8   | Learned a level 3 spell: Ozocubu's Armour
 19207 | Lair:8   | Reached skill level 5 in Spellcasting
 19251 | Lair:8   | Learned a level 4 spell: Condensation Shield
 19369 | Lair:8   | Reached XP level 15. HP: 43/103 MP: 11/24
 19485 | Lair:8   | Identified a scroll of acquirement
 19486 | Lair:8   | Identified the Tome of Changing (You acquired it on level 8 of the Lair of Beasts)
 20061 | Orc:1    | Entered Level 1 of the Orcish Mines
 20315 | Orc:3    | Found a roughly hewn altar of Beogh.
 20770 | Orc:2    | Noticed Snorg
 20777 | Orc:2    | Killed Snorg
 20893 | Orc:2    | Found a roughly hewn altar of Beogh.
 21056 | Orc:1    | Found a roughly hewn altar of Beogh.
 21373 | Orc:4    | Entered Level 4 of the Orcish Mines
 21420 | Orc:4    | Noticed Rupert
 21433 | Orc:4    | Killed Rupert
 21666 | Orc:4    | Noticed Maud
 21670 | Orc:4    | Noticed Azrael
 21675 | Orc:4    | Killed Maud
 21678 | Orc:4    | Killed Azrael
 21822 | Orc:4    | Found a staircase to the Elven Halls.
 22090 | Orc:4    | Found Wyojit's Gadget Emporium.
 22090 | Orc:4    | Found Tarr's Book Shop.
 22093 | Orc:4    | Found Teoges's Gadget Emporium.
 22093 | Orc:4    | Found Baifam's Antique Weapon Shop.
 22104 | Orc:4    | Bought a book of the Sky for 975 gold pieces
 22104 | Orc:4    | Bought a book of Battle for 600 gold pieces
 22108 | Orc:4    | Learned a level 3 spell: Regeneration
 22515 | D:11     | Reached skill level 1 in Charms
 22544 | D:11     | Got a flickering tin ring
 22545 | D:11     | Identified the ring "Eruruax" {rElec rPois rF+ MP+9 Str-3} (You found it on level 11 of the Dungeon)
 23852 | D:13     | Learned a level 7 spell: Dragon Form
 23876 | D:13     | Reached skill level 5 in Charms
 23937 | D:13     | Found a gate to the Vaults.
 24105 | D:13     | Found Luemif's Book Emporium.
 24145 | D:13     | Reached XP level 16. HP: 109/109 MP: 23/29
 24921 | D:15     | Entered Level 15 of the Dungeon
 25631 | D:15     | Found a staircase to the Depths.
 25642 | D:15     | Learned a level 6 spell: Statue Form
 25860 | Elf:1    | Entered Level 1 of the Elven Halls
 25964 | Elf:1    | Identified the Handbook of Blows and Bruises
 26084 | Elf:1    | Found Tesunylo's Antique Armour Shop.
 26277 | Elf:1    | Reached skill level 10 in Charms
 26652 | Elf:2    | Found a huge runed gate.
 26652 | Elf:2    | Found a huge runed gate.
 26652 | Elf:2    | Found a huge runed gate.
 26661 | Elf:2    | Found a huge runed gate.
 26662 | Elf:2    | Found a huge runed gate.
 26941 | Elf:2    | Reached XP level 17. HP: 115/115 MP: 23/30
 27078 | Elf:3    | Entered Level 3 of the Elven Halls
 27443 | Elf:3    | Noticed Louise
 27465 | Elf:3    | Noticed Mara
 27469 | Elf:3    | Noticed a deep elf blademaster
 27475 | Elf:3    | Killed a deep elf blademaster
 27480 | Elf:3    | Killed Louise
 27485 | Elf:3    | Killed Mara
 27486 | Elf:3    | Noticed a deep elf master archer
 27499 | Elf:3    | Killed a deep elf master archer
 27500 | Elf:3    | Noticed a Brimstone Fiend
 27999 | Elf:3    | Got a coiled golden ring
 28000 | Elf:3    | Identified the ring "Bulezuan" {*Drain rPois rF+ rN+ Int+3} (You took it off a deep elf high priest on level 3 of the Elven Halls)
 28040 | Elf:3    | Noticed a deep elf blademaster
 28047 | Elf:3    | Killed a deep elf blademaster
 28242 | Elf:3    | Noticed a deep elf master archer
 28416 | Elf:3    | Killed a deep elf master archer
 28575 | Elf:3    | Noticed a Hell Sentinel
 28576 | Elf:3    | Reached XP level 18. HP: 122/122 MP: 27/31
 28626 | Elf:3    | Learned a level 6 spell: Deflect Missiles
 28998 | Elf:3    | Identified Sif Muna's Disquisition on Vitriolic Transformation
 29106 | Elf:3    | Reached XP level 19. HP: 129/129 MP: 32/32
 29107 | Elf:3    | Reached XP level 20. HP: 135/135 MP: 33/33
 29345 | Swamp:1  | Entered Level 1 of the Swamp
 29972 | Swamp:4  | Entered Level 4 of the Swamp
 30061 | Swamp:4  | Found a frozen archway.
 30131 | Swamp:4  | Noticed Celerity's ghost (adept MfNe)
 30141 | Swamp:4  | Killed Celerity's ghost
 30160 | IceCv    | Entered an ice cave
 30673 | Swamp:4  | Got a decaying rune of Zot
 30849 | Spider:1 | Entered Level 1 of the Spider Nest
 30853 | Spider:1 | Reached skill level 1 in Evocations
 30911 | Spider:1 | Got a warped tin ring
 30913 | Spider:1 | Identified the cursed ring of Ytsu {rElec EV-3} (You found it on level 1 of the Spider Nest)
 30967 | Spider:1 | Reached XP level 21. HP: 145/145 MP: 33/34
 31138 | Spider:1 | Reached skill level 5 in Evocations
 31457 | Spider:4 | Entered Level 4 of the Spider Nest
 31600 | Spider:4 | Noticed Arachne
 31608 | Spider:4 | Killed Arachne
 31710 | Spider:4 | Reached skill level 10 in Evocations
 31878 | Spider:4 | Got a gossamer rune of Zot
 32260 | Vaults:1 | Entered Level 1 of the Vaults
 32270 | Vaults:1 | Learned a level 2 spell: Stoneskin
 32309 | Vaults:1 | Reached skill level 1 in Earth Magic
 32428 | Vaults:1 | Noticed Donald
 32436 | Vaults:1 | Killed Donald
 32506 | Vaults:1 | Reached skill level 5 in Earth Magic
 33339 | Vaults:2 | Reached XP level 22. HP: 152/152 MP: 35/35
 33793 | Vaults:2 | Reached skill level 10 in Earth Magic
 34005 | Vaults:2 | Reached skill level 15 in Transmutations
 34371 | Vaults:3 | Found a staircase to the Crypt.
 34378 | Vaults:3 | Reached skill level 10 in Spellcasting
 35003 | Vaults:3 | Found Jiwnazuy's Assorted Antiques.
 35011 | Vaults:3 | Bought an opal ring for 125 gold pieces
 35011 | Vaults:3 | Bought a shiny silver wand for 100 gold pieces
 35019 | Vaults:3 | Bought a scroll of blinking for 187 gold pieces
 35019 | Vaults:3 | Bought a potion of curing for 75 gold pieces
 35683 | Vaults:4 | Reached skill level 10 in Ice Magic
 35700 | Vaults:4 | Noticed Saint Roka
 35707 | Vaults:4 | Killed Saint Roka
 36306 | Vaults:4 | Reached XP level 23. HP: 157/157 MP: 37/37
 36509 | Vaults:4 | Noticed Margery
 36516 | Vaults:4 | Killed Margery
 36650 | Crypt:1  | Entered Level 1 of the Crypt
 36719 | Crypt:1  | Reached skill level 16 in Unarmed Combat
 36881 | Crypt:1  | Found a basalt altar of Yredelemnul.
 37766 | Crypt:2  | Reached skill level 17 in Unarmed Combat
 38078 | Crypt:3  | Entered Level 3 of the Crypt
 38424 | Crypt:3  | Noticed Wiglaf
 38434 | Crypt:3  | Killed Wiglaf
 38510 | Crypt:3  | Got a faintly glowing wooden ring
 38510 | Crypt:3  | Got a shimmering glass ring
 38511 | Crypt:3  | Identified the ring "Musico" {*Contam rElec rN+ Int+4 Stlth+} (You found it on level 3 of the Crypt)
 38515 | Crypt:3  | Identified the ring "Upnuyta" {*Confuse rC+ rN+ Int+10} (You found it on level 3 of the Crypt)
 38604 | Crypt:3  | Reached XP level 24. HP: 167/167 MP: 28/37
 38656 | Crypt:3  | Cast into the Abyss (red devil)
 38656 | Abyss:1  | Found a corrupted altar of Lugonu.
 38839 | Abyss:3  | Gained mutation: You regenerate slowly when monsters are visible. [a neqoxec]
 38840 | Abyss:3  | Gained mutation: You tend to lose your temper in combat. [a neqoxec]
 38961 | Abyss:4  | Got an abyssal rune of Zot
 39053 | Crypt:3  | Escaped the Abyss
 39199 | Crypt:3  | Lost mutation: Your system is resistant to poisons. [potion of cure mutation]
 39199 | Crypt:3  | Lost mutation: Your muscles are strong. (Str +2) [potion of cure mutation]
 39199 | Crypt:3  | Lost mutation: Your flesh is heat resistant. [potion of cure mutation]
 39199 | Crypt:3  | Lost mutation: You can spit weak poison. [potion of cure mutation]
 39199 | Crypt:3  | Lost mutation: You tend to lose your temper in combat. [potion of cure mutation]
 39199 | Crypt:3  | Lost mutation: Your flesh is cold resistant. [potion of cure mutation]
 39252 | Crypt:3  | Reached skill level 18 in Unarmed Combat
 39332 | Crypt:3  | Found an ancient bone altar of Kikubaaqudgha.
 39334 | Crypt:3  | Noticed an ancient lich
 39341 | Crypt:3  | Killed an ancient lich
 39420 | Crypt:3  | Learned a level 5 spell: Phase Shift
 39435 | Crypt:3  | Noticed an ancient lich
 39438 | Crypt:3  | Killed an ancient lich
 39440 | Crypt:3  | Reached skill level 15 in Fighting
 39440 | Crypt:3  | Reached skill level 15 in Dodging
 39457 | Crypt:3  | Identified the Almanac of Hurtful Weightlessness
 39663 | Crypt:3  | Got a shimmering jade ring
 39664 | Crypt:3  | Identified the ring of Aklohet {rF++ rN+ MP+9 Str-5 Int+4} (You took it off a skeletal warrior on level 3 of the Crypt)
 39712 | Crypt:3  | Got a flickering steel amulet
 39714 | Crypt:3  | Identified the amulet of Harur {Ward rC+ rN+ Slay+2 Stlth+} (You took it off a vampire mage on level 3 of the Crypt)
 39874 | Crypt:3  | Found a staircase to the Tomb.
 39905 | Tomb:1   | Entered Level 1 of the Tomb of the Ancients
 40328 | Tomb:1   | Noticed a greater mummy
 40333 | Tomb:1   | Killed a greater mummy
 40378 | Tomb:2   | Noticed a greater mummy
 40380 | Tomb:2   | Noticed a greater mummy
 40380 | Tomb:2   | Noticed a greater mummy
 40384 | Tomb:1   | Killed a greater mummy
 40425 | Tomb:2   | Noticed a greater mummy
 40432 | Tomb:1   | Reached skill level 19 in Unarmed Combat
 40432 | Tomb:1   | Reached XP level 25. HP: 167/174 MP: 34/38
 40461 | Tomb:1   | Killed a greater mummy
 40461 | Tomb:1   | Reached skill level 1 in Translocations
 40522 | Tomb:2   | Killed a greater mummy
 40527 | Tomb:2   | Killed a greater mummy
 40832 | Tomb:1   | Noticed a greater mummy
 40837 | Tomb:1   | Killed a greater mummy
 40838 | Tomb:1   | Noticed a greater mummy
 40841 | Tomb:1   | Killed a greater mummy
 40882 | Tomb:1   | Noticed a greater mummy
 40887 | Tomb:1   | Noticed a greater mummy
 40889 | Tomb:1   | Killed a greater mummy
 40895 | Tomb:1   | Killed a greater mummy
 40919 | Tomb:1   | Noticed a greater mummy
 40926 | Tomb:1   | Killed a greater mummy
 40949 | Tomb:1   | Noticed a greater mummy
 40954 | Tomb:1   | Killed a greater mummy
 40956 | Tomb:1   | Noticed a greater mummy
 40958 | Tomb:1   | Noticed a greater mummy
 40958 | Tomb:1   | Noticed a greater mummy
 40961 | Tomb:1   | Killed a greater mummy
 40961 | Tomb:1   | Reached skill level 5 in Translocations
 40981 | Tomb:1   | Killed a greater mummy
 40986 | Tomb:1   | Killed a greater mummy
 41053 | Tomb:1   | Noticed a greater mummy
 41057 | Tomb:1   | Killed a greater mummy
 41066 | Tomb:1   | Noticed a greater mummy
 41072 | Tomb:1   | Killed a greater mummy
 41091 | Tomb:1   | Noticed a greater mummy
 41100 | Tomb:1   | Killed a greater mummy
 41104 | Tomb:1   | Noticed a greater mummy
 41116 | Tomb:1   | Noticed a greater mummy
 41116 | Tomb:1   | Killed a greater mummy
 41122 | Tomb:1   | Killed a greater mummy
 41125 | Tomb:1   | Noticed a greater mummy
 41130 | Tomb:1   | Killed a greater mummy
 41207 | Tomb:1   | Noticed a greater mummy
 41211 | Tomb:1   | Killed a greater mummy
 41215 | Tomb:1   | Noticed a greater mummy
 41217 | Tomb:1   | Noticed a greater mummy
 41220 | Tomb:1   | Killed a greater mummy
 41227 | Tomb:1   | Killed a greater mummy
 41227 | Tomb:1   | Reached XP level 26. HP: 113/180 MP: 35/41
 41262 | Tomb:1   | Noticed a greater mummy
 41273 | Tomb:1   | Killed a greater mummy
 41283 | Tomb:1   | Noticed a greater mummy
 41287 | Tomb:1   | Killed a greater mummy
 41307 | Tomb:1   | Noticed a greater mummy
 41313 | Tomb:1   | Killed a greater mummy
 41356 | Tomb:1   | Learned a level 6 spell: Bolt of Cold
 41404 | Tomb:2   | Reached skill level 20 in Unarmed Combat
 41541 | Tomb:3   | Entered Level 3 of the Tomb of the Ancients
 41559 | Tomb:3   | Noticed a greater mummy
 41680 | Tomb:3   | Noticed a greater mummy
 41696 | Tomb:2   | Killed a greater mummy
 41696 | Tomb:2   | Reached skill level 15 in Spellcasting
 41779 | Tomb:3   | Killed a greater mummy
 41831 | Tomb:3   | Noticed a greater mummy
 41836 | Tomb:3   | Killed a greater mummy
 41883 | Tomb:3   | Got a faintly glowing steel ring
 41884 | Tomb:3   | Identified the ring of Faseon {*Confuse rPois rN+ Dex+2} (You found it on level 3 of the Tomb of the Ancients)
 42012 | Tomb:3   | Noticed Khufu
 42014 | Tomb:3   | Killed Khufu
 42017 | Tomb:3   | Noticed a greater mummy
 42023 | Tomb:3   | Killed a greater mummy
 42038 | Tomb:3   | Noticed a greater mummy
 42041 | Tomb:3   | Killed a greater mummy
 42067 | Tomb:3   | Noticed a greater mummy
 42071 | Tomb:3   | Killed a greater mummy
 42090 | Tomb:3   | Noticed a greater mummy
 42095 | Tomb:3   | Killed a greater mummy
 42107 | Tomb:3   | Reached skill level 10 in Translocations
 42333 | Tomb:3   | Noticed an ancient lich
 42338 | Tomb:3   | Killed an ancient lich
 42395 | Tomb:3   | Got a golden rune of Zot
 42499 | Tomb:1   | Noticed a greater mummy
 42505 | Tomb:1   | Killed a greater mummy
 42879 | Vaults:4 | Learned a level 8 spell: Controlled Blink
 42882 | Vaults:5 | Entered Level 5 of the Vaults
 42885 | Vaults:5 | Reached XP level 27. HP: 186/186 MP: 27/43
 42991 | Vaults:5 | Noticed an ancient lich
 43011 | Vaults:5 | Killed an ancient lich
 43382 | Vaults:5 | Got a silver rune of Zot
 43480 | Vaults:5 | Got a sparkling bone ring
 43481 | Vaults:5 | Identified the ring of Xiemnerr {rElec MR+ Int-5 Dex+4} (You took it off a vault guard on level 5 of the Vaults)
 43502 | Vaults:5 | Found Qulovouw's Weapon Emporium.
 44070 | Vaults:5 | Reached skill level 15 in Invocations
 44572 | Slime:1  | Entered Level 1 of the Pits of Slime
 44590 | Slime:1  | Reached skill level 15 in Translocations
 44826 | Slime:6  | Entered Level 6 of the Pits of Slime
 44923 | Slime:6  | Noticed the royal jelly
 44928 | Slime:6  | Killed the royal jelly
 44992 | Slime:6  | Got a pitted iron ring
 44993 | Slime:6  | Identified the ring "Rapi" {Slay+6 SInv} (You found it on level 6 of the Pits of Slime)
 45019 | Slime:6  | Identified Zecoosor's Almanac of Earthen Transmigration (You found it on level 6 of the Pits of Slime)
 45023 | Slime:6  | Identified the Grimoire of Fiery Attacks (You found it on level 6 of the Pits of Slime)
 45025 | Slime:6  | Lost mutation: You are partially covered in large bone plates (AC +2, SH +2). [potion of cure mutation]
 45025 | Slime:6  | Lost mutation: You regenerate slowly when monsters are visible. [potion of cure mutation]
 45029 | Slime:6  | Gained mutation: Your flesh is heat resistant. [potion of beneficial mutation]
 45034 | Slime:6  | Got a slimy rune of Zot
 45482 | Depths:1 | Entered Level 1 of the Depths
 45571 | Depths:1 | Found a one-way gate leading to the halls of Pandemonium.
 45587 | Pan      | Entered Pandemonium
 45605 | Pan      | Got a twitching platinum ring
 45606 | Pan      | Identified the ring "Awots" {rElec Str+3} (You acquired it in Pandemonium)
 45630 | Pan      | Found an exit through the horrors of the Abyss.
 45752 | Pan      | Gained mutation: You expend magic power (3 MP) to strengthen your wands. [a neqoxec]
 45756 | Pan      | Reached skill level 1 in Conjurations
 45815 | Pan      | Found a gateway to a ziggurat.
 45835 | Pan      | Noticed Jehotwet the pandemonium lord
 45839 | Pan      | Killed Jehotwet the pandemonium lord
 46057 | Pan      | Reached skill level 5 in Conjurations
 46083 | Pan      | Found an exit through the horrors of the Abyss.
 46149 | Pan      | Found a runed door.
 46177 | Pan      | Found a runed door.
 46186 | Pan      | Noticed Derhitop the pandemonium lord
 46197 | Pan      | Killed Derhitop the pandemonium lord
 46198 | Pan      | Found a runed door.
 46198 | Pan      | Found a runed door.
 46220 | Pan      | Noticed Coazxibb the pandemonium lord
 46226 | Pan      | Killed Coazxibb the pandemonium lord
 46518 | Pan      | Found a runed door.
 46747 | Pan      | Reached skill level 10 in Conjurations
 46903 | Pan      | Noticed Mennas
 46913 | Pan      | Killed Mennas
 47053 | Pan      | Found a gateway to a ziggurat.
 47084 | Pan      | Found an exit through the horrors of the Abyss.
 47354 | Pan      | Found a huge runed gate.
 47357 | Pan      | Found a huge runed gate.
 47358 | Pan      | Found a huge runed gate.
 47358 | Pan      | Found a huge runed gate.
 47358 | Pan      | Found a huge runed gate.
 47358 | Pan      | Found a huge runed gate.
 47359 | Pan      | Found a huge runed gate.
 47359 | Pan      | Found a huge runed gate.
 47359 | Pan      | Found a huge runed gate.
 47359 | Pan      | Found a huge runed gate.
 47359 | Pan      | Found a huge runed gate.
 47359 | Pan      | Found a huge runed gate.
 47359 | Pan      | Found a huge runed gate.
 47360 | Pan      | Found a huge runed gate.
 47361 | Pan      | Found a huge runed gate.
 47362 | Pan      | Found a huge runed gate.
 47362 | Pan      | Found a huge runed gate.
 47367 | Pan      | Noticed Teoxt the pandemonium lord
 47371 | Pan      | Killed Teoxt the pandemonium lord
 47470 | Pan      | Noticed Bon Hos the pandemonium lord
 47474 | Pan      | Killed Bon Hos the pandemonium lord
 48455 | Pan      | Noticed Tail the pandemonium lord
 48468 | Pan      | Killed Tail the pandemonium lord
 48640 | Pan      | Found an exit through the horrors of the Abyss.
 48698 | Pan      | Noticed Ogapheobb the pandemonium lord
 48703 | Pan      | Killed Ogapheobb the pandemonium lord
 48743 | Pan      | Entered the realm of Gloorx Vloq.
 48773 | Pan      | Noticed Gloorx Vloq
 48788 | Pan      | Killed Gloorx Vloq
 48810 | Pan      | Reached skill level 21 in Translocations
 48827 | Pan      | Got a dark rune of Zot
 49375 | Pan      | Found a huge runed gate.
 49378 | Pan      | Found an exit through the horrors of the Abyss.
 49400 | Pan      | Noticed Zenu the pandemonium lord
 49411 | Pan      | Killed Zenu the pandemonium lord
 49411 | Pan      | Reached skill level 22 in Translocations
 49493 | Pan      | Noticed Nod Iss the pandemonium lord
 49496 | Pan      | Killed Nod Iss the pandemonium lord
 49568 | Pan      | Noticed Fiown the pandemonium lord
 49577 | Pan      | Killed Fiown the pandemonium lord
 49679 | Pan      | Found an exit through the horrors of the Abyss.
 49719 | Pan      | Noticed Tioxyarch the pandemonium lord
 49727 | Pan      | Killed Tioxyarch the pandemonium lord
 50000 | Pan      | Noticed Entuuv the pandemonium lord
 50005 | Pan      | Killed Entuuv the pandemonium lord
 50020 | Pan      | Got a demonic rune of Zot
 50063 | Pan      | Noticed Nolyall the pandemonium lord
 50067 | Pan      | Killed Nolyall the pandemonium lord
 50098 | Pan      | Got a shimmering silver amulet
 50174 | Pan      | Entered the realm of Cerebov.
 50372 | Pan      | Got a wavering iron ring
 50373 | Pan      | Identified the amulet of Surprise {rCorr Slay+3} (You took it off a gelid demonspawn in Pandemonium)
 50375 | Pan      | Identified the ring "Vinterinn" {rC+ rN+ Int-4 Dex+2 Slay+2} (You found it in Pandemonium)
 50401 | Pan      | Identified the Grimoire of the Oath
 50461 | Pan      | Noticed Cerebov
 50484 | Pan      | Killed Cerebov
 50510 | Pan      | Got a fiery rune of Zot
 50600 | Pan      | Found a runed door.
 50618 | Pan      | Found an exit through the horrors of the Abyss.
 50631 | Pan      | Entered the realm of Lom Lobon.
 50873 | Pan      | Noticed Lom Lobon
 50939 | Pan      | Killed Lom Lobon
 50951 | Pan      | Got a magical rune of Zot
 51175 | Pan      | Found an exit through the horrors of the Abyss.
 51354 | Pan      | Identified the Compendium of the Traveller
 51434 | Pan      | Noticed Emoa the pandemonium lord
 51437 | Pan      | Killed Emoa the pandemonium lord
 51660 | Pan      | Noticed an ancient lich
 51661 | Pan      | Noticed an ancient lich
 51661 | Pan      | Found a gateway to a ziggurat.
 51661 | Pan      | Noticed an ancient lich
 51678 | Pan      | Found an exit through the horrors of the Abyss.
 51723 | Pan      | Entered the realm of Mnoleg.
 51817 | Pan      | Noticed Mnoleg
 51828 | Pan      | Paralysed by a giant eyeball for 2 turns
 51832 | Pan      | Paralysed by a giant eyeball for 2 turns
 51986 | Pan      | Killed Mnoleg
 52005 | Pan      | Gained mutation: Your magical capacity is low (-10% MP). [a cacodemon]
 52029 | Pan      | Paralysed by a giant eyeball for 3 turns
 52056 | Pan      | Got a slimy pewter ring
 52057 | Pan      | Identified the cursed ring of Utaughol {+Inv rPois Str+4 Slay-2} (You found it in Pandemonium)
 52100 | Pan      | Identified the Volume of the Creative Voyage
 52123 | Pan      | Got a glowing rune of Zot
 52314 | Pan      | Got a transparent bone ring
 52315 | Pan      | Identified the ring of Suadd {MR+ Int+4 Dex+2} (You found it in Pandemonium)
 52326 | Pan      | Found an exit through the horrors of the Abyss.
 52335 | Pan      | Took an exit into the Abyss.
 52335 | Abyss:1  | Escaped into the Abyss
 52335 | Abyss:1  | Found a corrupted altar of Lugonu.
 52430 | Depths:1 | Escaped the Abyss
 52889 | Depths:1 | Found a gateway to Hell.
 53026 | Depths:1 | Lost mutation: Your magical capacity is low (-10% MP). [potion of cure mutation]
 53026 | Depths:1 | Lost mutation: Your flesh is heat resistant. [potion of cure mutation]
 53026 | Depths:1 | Lost mutation: You expend magic power (3 MP) to strengthen your wands. [potion of cure mutation]
 53089 | Hell     | Entered the Vestibule of Hell
 53090 | Hell     | Noticed Geryon
 53097 | Hell     | Killed Geryon
 53136 | Hell     | Noticed Murray
 53142 | Hell     | Killed Murray
 53171 | Hell     | Found a gateway to the decaying netherworld of Tartarus.
 53271 | Tar:1    | Entered Level 1 of Tartarus
 53271 | Tar:1    | Found a gateway to Hell.
 53481 | Tar:2    | Found a gateway to Hell.
 53493 | Tar:3    | Found a gateway to Hell.
 53654 | Tar:4    | Found a gateway to Hell.
 53948 | Tar:5    | Found a gateway to Hell.
 53995 | Tar:5    | Found a gateway to Hell.
 54052 | Tar:6    | Found a gateway to Hell.
 54247 | Tar:7    | Entered Level 7 of Tartarus
 54247 | Tar:7    | Found a gateway to Hell.
 54310 | Tar:7    | Found a gateway to Hell.
 54590 | Tar:7    | Noticed Ereshkigal
 54605 | Tar:7    | Killed Ereshkigal
 54609 | Tar:7    | Noticed an ancient lich
 54613 | Tar:7    | Killed an ancient lich
 54643 | Tar:7    | Got a bone rune of Zot
 54748 | Hell     | Found a gateway to the freezing wastes of Cocytus.
 54779 | Coc:1    | Entered Level 1 of Cocytus
 54779 | Coc:1    | Found a gateway to Hell.
 55192 | Coc:2    | Found a gateway to Hell.
 55337 | Coc:3    | Found a gateway to Hell.
 55369 | Coc:4    | Found a gateway to Hell.
 55403 | Coc:4    | Found a gateway to Hell.
 55416 | Coc:4    | You fall through a shaft for 2 floors!
 55419 | Coc:7    | Entered Level 7 of Cocytus
 55419 | Coc:7    | Found a gateway to Hell.
 55419 | Coc:7    | Found a gateway to Hell.
 55419 | Coc:7    | Found a gateway to Hell.
 55913 | Coc:7    | Noticed Antaeus
 55935 | Coc:7    | Killed Antaeus
 56066 | Coc:7    | Got an icy rune of Zot
 56149 | Hell     | Found a gateway to the Iron City of Dis.
 56223 | Dis:1    | Entered Level 1 of the Iron City of Dis
 56223 | Dis:1    | Found a gateway to Hell.
 56359 | Dis:2    | Found a gateway to Hell.
 56502 | Dis:2    | Found a gateway to Hell.
 56539 | Dis:3    | Found a gateway to Hell.
 56691 | Dis:3    | Found a gateway to Hell.
 56932 | Dis:4    | Found a gateway to Hell.
 56971 | Dis:5    | Found a gateway to Hell.
 57012 | Dis:6    | Found a gateway to Hell.
 57069 | Dis:6    | Found a gateway to Hell.
 57279 | Dis:6    | Gained mutation: You are dopey. (Int -2) [mutagenic glow]
 57325 | Dis:7    | Entered Level 7 of the Iron City of Dis
 57325 | Dis:7    | Found a gateway to Hell.
 57391 | Dis:7    | Gained mutation: You tend to lose your temper in combat. [a cacodemon]
 57409 | Dis:7    | Lost mutation: You are dopey. (Int -2) [potion of cure mutation]
 57409 | Dis:7    | Lost mutation: You tend to lose your temper in combat. [potion of cure mutation]
 57431 | Dis:7    | Reached skill level 23 in Spellcasting
 57623 | Dis:7    | Noticed the Serpent of Hell
 57645 | Dis:7    | Killed the Serpent of Hell
 57788 | Dis:7    | Noticed Dispater
 57867 | Dis:7    | Killed Dispater
 57867 | Dis:7    | Reached skill level 24 in Spellcasting
 57875 | Dis:7    | Got an iron rune of Zot
 57908 | Dis:7    | Found a gateway to Hell.
 57967 | Hell     | Found a gateway to the ashen valley of Gehenna.
 58049 | Geh:1    | Entered Level 1 of Gehenna
 58049 | Geh:1    | Found a gateway to Hell.
 58163 | Geh:3    | Found a gateway to Hell.
 58234 | Geh:4    | Found a gateway to Hell.
 58248 | Geh:4    | Found a gateway to Hell.
 58491 | Geh:4    | Reached skill level 25 in Spellcasting
 58494 | Geh:4    | Gained mutation: You are clumsy. (Dex -2) [mutagenic glow]
 58499 | Geh:4    | You fall through a shaft for 2 floors!
 58541 | Geh:7    | Entered Level 7 of Gehenna
 58541 | Geh:7    | Found a gateway to Hell.
 58870 | Geh:7    | Identified the Collected Works on Flamy Combat Magic
 59002 | Geh:7    | Noticed Asmodeus
 59017 | Geh:7    | Killed Asmodeus
 59017 | Geh:7    | Reached skill level 26 in Spellcasting
 59057 | Geh:7    | Got a slimy bone ring
 59058 | Geh:7    | Identified the ring "Jonwuv" {rF+ EV+5} (You found it on level 7 of Gehenna)
 59062 | Geh:7    | Got a wavering pewter ring
 59063 | Geh:7    | Identified the ring of the Good {Wiz +Fly rF+} (You found it on level 7 of Gehenna)
 59073 | Geh:7    | Got an obsidian rune of Zot
 59181 | Geh:7    | Found a gateway to Hell.
 59450 | Depths:4 | Found Rufaex's Gadget Emporium.
 59456 | Depths:4 | Gained mutation: Your spells are a little harder to cast, but a little more powerful. [potion of beneficial mutation]
 59459 | Depths:5 | Entered Level 5 of the Depths
 59501 | Depths:5 | Found a gate to the Realm of Zot.
 59520 | Zot:1    | Entered Level 1 of the Realm of Zot
 59648 | Zot:3    | Reached skill level 27 in Spellcasting
 59770 | Zot:5    | Entered Level 5 of the Realm of Zot
 59844 | Zot:5    | Noticed an orb of fire
 59847 | Zot:5    | Gained mutation: Your magical capacity is low (-10% MP). [an orb of fire]
 59853 | Zot:5    | Killed an orb of fire
 59871 | Zot:5    | Noticed an orb of fire
 59876 | Zot:5    | Killed an orb of fire
 60001 | Zot:5    | Got the Orb of Zot
 60042 | Zot:5    | Noticed an ancient lich
 60054 | Zot:5    | Killed an ancient lich
 60498 | D:$      | Escaped with the Orb!

Action                   |  1- 3 |  4- 6 |  7- 9 | 10-12 | 13-15 | 16-18 | 19-21 | 22-24 | 25-27 || total
-------------------------+-------+-------+-------+-------+-------+-------+-------+-------+-------++-------
Melee: Unarmed           |    93 |   103 |   271 |   539 |   776 |   483 |   669 |   962 |  3925 ||  7821
       Staff             |       |       |       |       |       |       |    15 |    13 |       ||    28
Throw: Throwing net      |       |       |       |       |       |       |       |       |     2 ||     2
 Cast: Beastly Appendage |     1 |     3 |       |     1 |       |       |       |       |       ||     5
       Spider Form       |     2 |    10 |    38 |    54 |     2 |       |       |       |       ||   106
       Ice Form          |       |       |       |    23 |    19 |       |       |       |       ||    42
       Blade Hands       |       |       |       |     8 |    41 |       |       |       |       ||    49
       Ozocubu's Armour  |       |       |       |       |    21 |    22 |    28 |    43 |    66 ||   180
       Hydra Form        |       |       |       |       |    64 |    69 |    75 |    53 |    88 ||   349
       Condensation Shie |       |       |       |       |     5 |     9 |    17 |    23 |    73 ||   127
       Regeneration      |       |       |       |       |     1 |    13 |    31 |    67 |   320 ||   432
       Deflect Missiles  |       |       |       |       |       |     1 |     2 |     4 |    12 ||    19
       Statue Form       |       |       |       |       |       |       |     3 |    15 |   158 ||   176
       Dragon Form       |       |       |       |       |       |       |       |    37 |    78 ||   115
       Stoneskin         |       |       |       |       |       |       |       |     4 |    47 ||    51
       Phase Shift       |       |       |       |       |       |       |       |       |    25 ||    25
       Bolt of Cold      |       |       |       |       |       |       |       |       |    53 ||    53
       Controlled Blink  |       |       |       |       |       |       |       |       |    18 ||    18
Invok: Bend Time         |       |       |       |     3 |    11 |     3 |     2 |     1 |    26 ||    46
       Temporal Distorti |       |       |       |       |     9 |    16 |     8 |    18 |    75 ||   126
       Slouch            |       |       |       |       |     4 |       |     3 |     5 |    22 ||    34
 Abil: End Transformatio |       |       |     1 |     4 |     2 |       |     4 |       |     4 ||    15
Evoke: Wand              |       |       |       |     1 |     4 |     4 |     4 |       |    21 ||    34
       Staff of energy   |       |       |       |       |       |       |     2 |     1 |       ||     3
  Use: Potion            |       |     4 |     1 |     4 |     5 |     1 |     1 |     3 |    31 ||    50
       Scroll            |       |       |     2 |    11 |    24 |    16 |     5 |     9 |    49 ||   116
 Stab: Sleeping          |    17 |     3 |     9 |    14 |    18 |     1 |     4 |     5 |    36 ||   107
       Distracted        |       |       |       |     2 |     3 |     1 |     2 |     2 |    30 ||    40
  Eat: Chunk             |     3 |     7 |    18 |    21 |    22 |       |       |       |       ||    71
       Pizza             |       |       |     1 |     1 |       |     1 |     1 |       |     3 ||     7
       Royal jelly       |       |       |     1 |       |       |       |     1 |     3 |       ||     5
       Meat ration       |       |       |       |     1 |     1 |       |       |       |       ||     2
       Beef jerky        |       |       |       |       |       |     3 |     1 |     4 |     3 ||    11
       Bread ration      |       |       |       |       |       |       |       |     2 |    15 ||    17
       Fruit             |       |       |       |       |       |       |       |       |     1 ||     1
